AoeStats
← UMMA KHAN

Glade

510427093Analyzed
1v1 RM · 2d ago on Oct 1, 2026· 76m 18s· 2 players
Game mode
Random Map
Map size
Tiny (2 player)
Population
200
Speed
Normal
Resources
Standard
Victory
Conquest
Starting age
Dark Age
Ending age
Imperial Age
RankedLock teamsTeams togetherTeam positionsShared explorationLock speedFull tech treeHidden civsTurbo modeCheats
Victory
Defeat
🇷🇺 Britons · Russia
436
+12
🇳🇱 Danes · Netherlands
353
-12
filali-777
10:02 Feudal Age
11:20 Wheelbarrow
11:14 Double-Bit Axe
12:48 Horse Collar
13:50 Gold Mining
15:15 Loom
17:28 Man-at-Arms
19:35 Arson
21:47 Forging
23:31 Stone Mining
28:39 Scale Mail Armor
28:31 Fletching
36:34 Castle Age
35:50 Padded Archer Armor
37:30 Bow Saw
37:06 Long Swordsman
38:05 Gambesons
38:31 Bodkin Arrow
39:49 Heavy Plow
45:20 Hand Cart
47:05 Chain Mail Armor
47:45 Gold Shaft Mining
52:55 Masonry
53:24 Iron Casting
53:47 Bloodlines
56:11 Guard Tower
61:06 Leather Archer Armor
UMMA KHAN
13:22 Feudal Age
14:58 Wheelbarrow
15:21 Loom
18:39 Castle Age
16:35 Double-Bit Axe
16:34 Horse Collar
19:44 Hand Cart
19:41 Bow Saw
19:33 Heavy Plow
19:51 Stone Mining
27:17 Gold Mining
28:51 Gold Shaft Mining
28:58 Treadmill Crane
30:05 Fletching
32:31 Ballistics
32:05 Town Watch
33:56 Town Patrol
34:07 Murder Holes
34:13 Bodkin Arrow
35:18 Yeomen
34:52 Light Cavalry
40:14 Imperial Age
39:01 Padded Archer Armor
39:22 Fortified Wall
39:22 Masonry
40:24 Leather Archer Armor
40:57 Warwolf
42:04 Chemistry
42:27 Hoardings
42:02 Arrowslits
43:08 Conscription
43:27 Architecture
44:03 Siege Engineers
44:47 Bracer
46:08 Ring Archer Armor
47:59 Scale Mail Armor
48:05 Scale Barding Armor
48:11 Forging
47:50 Gambesons
47:26 Man-at-Arms
49:09 Chain Mail Armor
48:19 Long Swordsman
49:26 Elite Longbowman
50:24 Two-Handed Swordsman
52:55 Iron Casting
52:51 Plate Mail Armor
53:40 Two-Man Saw
53:55 Champion
55:23 Chain Barding Armor
56:46 Blast Furnace
57:13 Plate Barding Armor
58:23 Onager
Connection lost

Rejoining the realm…

Still unreachable

The connection could not be restored.

Session expired

The server has moved on; the page needs a fresh start.